 Dungeon Sprint DCSS version 0.27-a0-1193-g8631133539 (webtiles) character file.

Game seed: 11003021214556902155

2000 Zeld the Severer (level 9, -6/105 HPs)
             Began as a Minotaur Berserker on May 27, 2021.
             Was a High Priest of Trog.
             Mangled by a peacekeeper (11 damage)
             ... while paralysed by a sphinx
             ... in the Dungeon (Sprint V: "Ziggurat Sprint").
             The game lasted 00:02:16 (1081 turns).

Zeld the Severer (Minotaur Berserker)               Turns: 1081, Time: 00:02:17

Health: -6/105     AC: 13    Str: 37    XL:     9   Next: 2%
Magic:  8/8        EV:  2    Int:  4    God:    Trog [*****.]
Gold:   0          SH:  0    Dex: 10    Spells: 8/8 levels left

rFire    + . .     SeeInvis +   j - +5 broad axe (venom)
rCold    + . .     Faith    .   i - +3 tower shield
rNeg     . . .     Spirit   .   y - +5 chain mail of the Fife {SInv Stlth+}
rPois    .         Reflect  .   (helmet restricted)
rElec    .         Harm     .   (no cloak)
rCorr    +         Rampage  .   (no gloves)
Will     .....     NoTele   +   (no boots)
Stlth    ..........             h - amulet of regeneration
HPRegen  1.27/turn              u - +6 ring of strength
MPRegen  0.11/turn              w - ring of the Scavenger {rF+ rC+ rCorr Str+6}

@: confused, paralysed, berserking, marked
A: horns 2, retaliatory headbutt
a: Renounce Religion, Berserk, Trog's Hand, Brothers in Arms


You were in the Dungeon.
You worshipped Trog.
Trog was extremely pleased with you.
You visited 1 branch

Inventory:

Hand Weapons
 j - a +5 broad axe of venom (weapon)
Armour
 i - a +3 tower shield (worn)
 y - the +5 chain mail of the Fife (worn) {SInv Stlth+}
   (You found it in the Dungeon)

   It lets you see invisible.
   It makes you more stealthy.
Jewellery
 h - an amulet of regeneration (around neck)
 u - a +6 ring of strength (left hand)
 w - the ring of the Scavenger (right hand) {rF+ rC+ rCorr Str+6}
   (You found it in the Dungeon)

   [ring of strength]

   It affects your strength (+6).
   It protects you from fire.
   It protects you from cold.
   It protects you from acid and corrosion.
Wands
 a - a wand of mindburst (7)
 q - a wand of iceblast (7)
 s - a wand of acid (7)
Scrolls
 g - 4 scrolls of blinking
 k - 7 scrolls of fog
 l - a scroll of holy word
 m - 5 scrolls of identify
 n - 2 scrolls of fear
Potions
 b - 10 potions of curing
 c - 18 potions of heal wounds
 d - 6 potions of haste
 e - 7 potions of magic
 f - 3 potions of berserk rage
 o - 2 potions of invisibility
 p - 4 potions of resistance
 r - 5 potions of might
 x - a potion of degeneration {unknown}
Miscellaneous
 v - a lightning rod (4/4)
 z - a piece from Xom's chessboard (15/15)


   Skills:
 - Level 3.6 Fighting
 - Level 18.0 Axes
 - Level 2.4 Armour
 - Level 8.4 Dodging
 * Level 11.4 Shields
 - Level 3.2 Unarmed Combat


You had 8 spell levels left.
You didn't know any spells.
Your spell library was empty.

Dungeon Overview and Level Annotations

Branches:
Dungeon (1/1)

Altars:
Ashenzari
Cheibriados
Dithmenos
Elyvilon
Fedhas
Gozag
Hepliaklqana
Kikubaaqudgha
Makhleb
Nemelex Xobeh
Okawaru
Qazlal
Ru
Sif Muna
Trog
Uskayaw
Vehumet
Wu Jian
Xom
Yredelemnul
Zin
The Shining One
Beogh
Jiyva
Lugonu

Annotations:
D 1 transporter


Innate Abilities, Weirdness & Mutations

You have a pair of horns on your head.
You reflexively headbutt those who attack you in melee.


Message History

The vault guard hits you with a +1 great sword.
The vault sentinel blows a loud note on a signal horn!
The peacekeeper barely misses you. You furiously retaliate!
You headbutt the peacekeeper.
The peacekeeper claws you but does no damage.
A red film seems to cover your vision as you go berserk!
You feel yourself moving faster!
You feel mighty!
The sphinx casts a spell.
You are confused.
The vault guard hits you with a +1 great sword!
The peacekeeper bites you but does no damage.
The peacekeeper claws you.
You are too confused!
You are too confused!
You are too confused!
Unknown command.
You are too confused!
Unknown command.
You are too confused!
You're too confused to move!
You feel a strong urge to attack something.
The sphinx casts a spell.
You barely resist. The peacekeeper closely misses you.
The peacekeeper barely misses you.
The vault guard hits you with a +1 great sword!!
The vault sentinel points at you and mumbles some strange words.
A sentinel's mark forms upon you. The peacekeeper bites you!
* * * LOW HITPOINT WARNING * * *
The peacekeeper claws you!
* * * LOW HITPOINT WARNING * * *
The sphinx casts a spell.
You suddenly lose the ability to move!
The vault guard hits you with a +1 great sword!
* * * LOW HITPOINT WARNING * * *
The peacekeeper barely misses you.
The peacekeeper claws you but does no damage.
The peacekeeper bites you but does no damage.
The peacekeeper claws you!
You die...

▓▓▓▓▓▓▓▓▓
▓..8©8..▓
▓..=))..▓
▓..:=)..▓
▓.......▓
▓.......▓
▓.......▓
▓.cp8...▓
▓.▓@Hp▓.▓
▓...©...▓
▓▓▓▓▓▓▓▓▓


You could see a sphinx (very poisoned), a yaktaur captain, a vault guard (very
poisoned), a vault sentinel and a peacekeeper.

Vanquished Creatures
  2 toenail golems (D)
  Sigmund (D)
  A basilisk (D)
  2 yaks (D)
  2 necrophages (D)
  A phantom (D)
  2 bullfrogs (D)
  Blork the orc (D)
  4 scorpions (D)
  Crazy Yiuf (D)
  Jessica (D)
  2 iguanas (D)
  A river rat (D)
  3 jackals (D)
24 creatures vanquished.

Notes
Turn   | Place    | Note
-------+----------+-------------------------------------------
     0 | D        | Zeld the Minotaur Berserker began the quest for the Orb.
     0 | D        | Reached XP level 1. HP: 19/19 MP: 0/0
     3 | D        | Found a blossoming altar of Fedhas.
     4 | D        | Found the +6 Majin-Bo {vamp, MP+6 Int+6}
     4 | D        | Found the +9 heavy crossbow "Sniper" {vorpal, Acc+∞ SInv}
     4 | D        | Found the +10 dark maul {vorpal}
     4 | D        | Found the +15 Maxwell's patent armour {-Cast -Tele rElec
                  | Will+ rCorr}
     4 | D        | Found the +18 shield of the Gong {rElec rN+ Will+ EV-5}
     4 | D        | Found the +14 obsidian axe {vorpal, Drain Fly SInv}
     4 | D        | Found the +7 great mace "Firestarter" {inner flame, rF++}
     4 | D        | Found the +6 shillelagh "Devastator" {shatter}
     4 | D        | Found the +11 plutonium sword {Contam Stlth-}
     4 | D        | Found the +8 lance "Wyrmbane" {slay drac, rPois rF+ rC+
                  | AC+3}
     4 | D        | Found the +9 sword of Zonguldrok {reap}
     4 | D        | Found the +13 scythe of Curses {drain, Drain}
     4 | D        | Found the +5 sword of Power {vorpal}
     4 | D        | Found the +7 mace of Variability {chain chaos}
     4 | D        | Found the +7 Singing Sword {vorpal, sonic wave}
     4 | D        | Found the +8 storm bow {elec, penet}
     5 | D        | Found a viscous altar of Jiyva.
     5 | D        | Found a hazy altar of Hepliaklqana.
     5 | D        | Found a transporter.
     5 | D        | Found an opulent altar of Gozag.
     5 | D        | Found an ancient bone altar of Kikubaaqudgha.
     5 | D        | Found a corrupted altar of Lugonu.
    15 | D        | Found a burning altar of Makhleb.
    16 | D        | Found a stormy altar of Qazlal.
    16 | D        | Found an iron altar of Okawaru.
    16 | D        | Found a sacrificial altar of Ru.
    16 | D        | Found a sparkling altar of Nemelex Xobeh.
    16 | D        | Found a shimmering blue altar of Sif Muna.
    16 | D        | Found a bloodstained altar of Trog.
    23 | D        | Reached XP level 2. HP: 26/26 MP: 1/1
    78 | D        | Entered arena 2.
    78 | D        | Noticed a toenail golem
    78 | D        | Noticed a toenail golem
    78 | D        | Found a transporter.
    83 | D        | Killed a toenail golem
    84 | D        | Reached skill level 13 in Axes
    84 | D        | Reached XP level 3. HP: 31/31 MP: 2/2
    84 | D        | Reached XP level 4. HP: 39/39 MP: 3/3
    84 | D        | Reached XP level 5. HP: 45/45 MP: 4/4
    84 | D        | Reached XP level 6. HP: 51/51 MP: 5/5
    87 | D        | Killed a toenail golem
    88 | D        | Reached skill level 15 in Axes
    88 | D        | Reached XP level 7. HP: 57/57 MP: 6/6
   338 | D        | Entered arena 3.
   338 | D        | Found a transporter.
   344 | D        | Reached ** piety under Trog
   345 | D        | Reached skill level 16 in Axes
   350 | D        | Got the ring of the Scavenger {rF+ rC+ rCorr Str+6}
   361 | D        | Entered arena 4.
   361 | D        | Noticed Sigmund
   361 | D        | Noticed Jessica
   361 | D        | Noticed Blork the orc
   361 | D        | Noticed Crazy Yiuf
   361 | D        | Found a transporter.
   366 | D        | Killed Crazy Yiuf
   366 | D        | Reached *** piety under Trog
   368 | D        | Killed Jessica
   370 | D        | Killed Blork the orc
   371 | D        | Reached skill level 17 in Axes
   371 | D        | Killed Sigmund
   371 | D        | Reached **** piety under Trog
   372 | D        | Reached skill level 5 in Shields
   372 | D        | Reached XP level 8. HP: 64/64 MP: 7/7
   711 | D        | Entered arena 5.
   711 | D        | Found a transporter.
   743 | D        | Got the +5 chain mail of the Fife {SInv Stlth+}
  1021 | D        | Entered arena 6.
  1021 | D        | Found a transporter.
  1024 | D        | Reached ***** piety under Trog
  1025 | D        | Reached skill level 18 in Axes
  1038 | D        | Entered arena 7.
  1039 | D        | Found a transporter.
  1041 | D        | Received a gift from Trog
  1045 | D        | Reached XP level 9. HP: 69/70 MP: 8/8
  1072 | D        | Entered arena 8.
  1072 | D        | Noticed a yaktaur captain
  1072 | D        | Noticed a sphinx
  1072 | D        | Noticed a vault guard
  1072 | D        | Noticed a peacekeeper
  1072 | D        | Noticed a vault sentinel
  1073 | D        | Found a transporter.
  1080 | D        | Paralysed by a sphinx for 3 turns
  1080 | D        | HP: 4/105 [vault guard/+1 great sword (16)]
  1081 | D        | Mangled by a peacekeeper

Illustrated notes

Levels and vault maps discovered:
D:        sprint_v [room_start, room_1, room_2, room_3, room_4, room_5, room_6,
          room_7, room_8, room_9, room_10, room_11, room_12, room_13, room_14,
          room_15, room_16, room_17, room_18, room_19, room_20, room_21,
          room_22, room_23, room_24, room_25, room_26, room_27]

Skill      XL: |  1  2  3  4  5  6  7  8 |
---------------+-------------------------+-----
Dodging        | 8 |  8.4
Axes           | 13 15 17 18 | 18.0
Shields        | 5 11 | 11.4
Fighting       | |  3.6
Armour         | |  2.4
Unarmed Combat | |  3.2

Action                   |  1- 3 |  4- 6 |  7- 9 || total
-------------------------+-------+-------+-------++-------
Melee: Broad axe         |     4 |     4 |    32 ||    40
       Headbutt          |     1 |     2 |     9 ||    12
Invok: Berserk           |     1 |       |     3 ||     4
  Use: Potion            |     1 |       |       ||     1
       Scroll            |       |       |     2 ||     2
Armor: Crystal plate arm |     2 |     1 |     6 ||     9
       Chain mail        |       |       |     6 ||     6
Dodge: Dodged            |       |       |    10 ||    10
Block: Tower shield      |     6 |     2 |    40 ||    48

Table legend: (Time is in decaauts)
 A = Elapsed time spent in this place.
 B = Non-inter-level travel time spent in this place.
 C = Inter-level travel time spent in this place.
 D = Time resting spent in this place.
 E = Time spent auto-exploring this place.
 F = Levels seen in this place.
 G = Mean time per level.
                   A        B        C        D        E       F      G
               +--------+--------+--------+--------+--------+-----+--------+
         Total |   1100 |   1086 |     14 |    865 |      9 |   1 | 1100.0 |
       Dungeon |   1100 |   1086 |     14 |    865 |      9 |   1 | 1100.0 |
               +--------+--------+--------+--------+--------+-----+--------+

Top non-repeatable levels by time:
       D: 1100 daAuts
